 Dungeon Crawl Stone Soup version 0.20.0-8-g6b59dc7 (webtiles) character file.

126 straycat the Skirmisher (level 4, -1/38 HPs)
             Began as a Vampire Wanderer on May 31, 2017.
             Slain by an adder (4 damage)
             ... on level 2 of the Dungeon.
             The game lasted 00:07:16 (1994 turns).

straycat the Skirmisher (Vampire Wanderer)          Turns: 1994, Time: 00:07:17

Health: -1/38      AC:  7    Str: 12    XL:     4   Next: 83%
Magic:  4/4        EV: 11    Int: 14    God:
Gold:   98         SH:  0    Dex: 13    Spells: 3/3 levels left

rFire    . . .     SeeInvis +   n - +0 halberd
rCold    . . .     Gourm    .   (shield currently unavailable)
rNeg     + . .     Faith    .   b - +0 ring mail
rPois    .         Spirit   .   (no helmet)
rElec    .         Reflect  .   k - +1 cloak
rCorr    +         Harm     .   (no gloves)
MR       .....                  (no boots)
Stlth    ++........             (no amulet)
Regen    0.2/turn               i - ring of resist corrosion
MPRegen  0.1/turn               (no ring)

@: lethally poisoned (-1 -> -10)
A: fangs 3, see invisible, unbreathing
a: Bat Form


You were on level 2 of the Dungeon.
You were not thirsty.

You visited 1 branch of the dungeon, and saw 3 of its levels.

You collected 98 gold pieces.

Inventory:

Hand Weapons
 a - a +2 hand axe
 j - a +0 hunting sling
 n - a +0 halberd (weapon)
Missiles
 g - 46 stones (quivered)
 m - 4 tomahawks
Armour
 b - a +0 ring mail (worn)
 k - a +1 cloak (worn)
Jewellery
 i - a ring of resist corrosion (left hand)
Scrolls
 c - 2 scrolls of identify
 e - a scroll of teleportation {unknown}
 f - a scroll of blinking {unknown}
Potions
 d - 7 potions of blood
 h - a potion of heal wounds
Books
 l - a book of Changes

   Spells                             Type                      Level
   a - Beastly Appendage              Transmutation                1
   b - Sticks to Snakes               Transmutation                2
   c - Spider Form                    Transmutation/Poison         3
   d - Ice Form                       Ice/Transmutation            4
   e - Blade Hands                    Transmutation                5


   Skills:
 + Level 4.3 Fighting
 - Level 1.7 Axes
   Level 1.0 Crossbows
 - Level 1.0 Armour
 * Level 3.2 Dodging
 + Level 3.7 Stealth
   Level 1.0 Shields


You had 3 spell levels left.
You didn't know any spells.

Dungeon Overview and Level Annotations

Branches:
Dungeon (3/15)

Altars:
The Shining One


Innate Abilities, Weirdness & Mutations

You have razor-sharp teeth.
You have supernaturally acute eyesight. (SInv)
You can survive without breathing.


Message History

You puncture the adder!
The adder is almost dead.
* * * LOW HITPOINT WARNING * * *
You feel sick. The adder bites you.
* * * LOW HITPOINT WARNING * * *
The adder closely misses you.
Okay, then.
You completely miss the adder.
The adder is almost dead.
* * * LOW HITPOINT WARNING * * *
You feel sick. The adder bites you but does no damage.
The adder closely misses you.
You slash the adder!
You kill the adder!
* * * LOW HITPOINT WARNING * * *
You feel sick. The adder bites you but does no damage.
You barely miss the adder.
* * * LOW HITPOINT WARNING * * *
You feel sick. The adder bites you.
You die...

#.#...).#..........
##.###.#)#.#.##.####
#..........#.##.#
#..###.#.#.#.##.#
....#.....#...##.#
##.#.#.###.#.##.#
#...#.#.....##.#
#.###.###...##.#
#.@S......####.#
####..##..# #[# #
#.####.# #.#
........####.####.#
..................#
...?..>.###########
#########


You could see an adder.

Vanquished Creatures
  Jessica (D:2)
  4 gnolls
  3 adders (D:2)
  A worm (D:2)
  3 dart slugs
  An orc (D:3)
  A bat (D:2)
  2 giant cockroaches
  A goblin (D:2)
  4 hobgoblins
  4 kobolds
  4 rats
29 creatures vanquished.

Notes
Turn   | Place    | Note
-------+----------+-------------------------------------------
     0 | D:1      | straycat the Vampire Wanderer began the quest for the Orb.
     0 | D:1      | straycat set off with: a +2 hand axe, a +0 ring mail, a potion of lignification, a potion of blood
     0 | D:1      | Reached XP level 1. HP: 18/18 MP: 1/1
   256 | D:1      | Reached skill level 1 in Dodging
   553 | D:1      | Reached XP level 2. HP: 21/25 MP: 2/2
   905 | D:2      | HP: 1/25 [poisoned by an adder]
  1208 | D:2      | Reached XP level 3. HP: 30/30 MP: 3/3
  1241 | D:2      | Reached skill level 4 in Fighting
  1643 | D:2      | Reached XP level 4. HP: 36/37 MP: 4/4
  1691 | D:2      | Noticed Jessica
  1699 | D:2      | Killed Jessica
  1759 | D:2      | You fall through a shaft!
  1818 | D:2      | Found a glowing golden altar of the Shining One.
  1994 | D:2      | Slain by an adder

Skill      XL: |  1  2  3  4 |
---------------+-------------+-----
Stealth        | 2 3 |  3.7
Dodging        | 1 2 3 |  3.2
Fighting       | 4 |  4.3
Axes           | |  1.7
Crossbows      | |  1.0
Armour         | |  1.0
Shields        | |  1.0

Action                   |  1- 3 |  4- 6 || total
-------------------------+-------+-------++-------
Melee: Hand axe          |    65 |       ||    65
       Bite              |    10 |     2 ||    12
       Halberd           |     8 |    39 ||    47
  Use: Potion            |     5 |       ||     5
       Scroll            |     3 |       ||     3
 Stab: Sleeping          |     1 |       ||     1
Armor: Ring mail         |    19 |    19 ||    38
Dodge: Dodged            |    53 |    30 ||    83
